[Event "ICC tourney 2397 (75 10)"]
[Site "Internet Chess Club"]
[Date "2021.02.21"]
[Round "4"]
[White "evilking"]
[Black "OctopusYule"]
[Result "1/2-1/2"]
[ICCResult "Game drawn by mutual agreement"]
[WhiteElo "1768"]
[BlackElo "1799"]
[Opening "Giuoco Piano"]
[ECO "C50"]
[NIC "IG.02"]
[Time "11:02:23"]
[PlyCount "36"]
[TimeControl "4500+10"]

1. e4 e5 2. Nf3 Nc6 3. Bc4 Bc5 4. O-O Nf6 5. d3 d6 6. c3 a6 7. Bb3 Ba7 8.
Nbd2 O-O 9. h3 h6 10. Re1 Nh5 11. Nxe5 Qh4 12. Nxc6 Qxf2+ 13. Kh1 Bxh3 14.
Rg1 Bg4 15. Qe1 bxc6 16. d4 Qf4 17. Nf1 Qf6 18. Nh2 Be6 { Game drawn by
mutual agreement } 1/2-1/2

[Event "ICC tourney 2397 (75 10)"]
[Site "Internet Chess Club"]
[Date "2021.02.21"]
[Round "4"]
[White "clair"]
[Black "Grinch81"]
[Result "1-0"]
[ICCResult "Black resigns"]
[WhiteElo "1723"]
[BlackElo "1961"]
[Opening "Queen's pawn: London system"]
[ECO "A45"]
[NIC "QP.07"]
[Time "11:02:18"]
[PlyCount "67"]
[TimeControl "4500+10"]

1. d4 Nf6 2. Bf4 e6 3. e3 b6 4. Nf3 Bb7 5. Bd3 Be7 6. Nbd2 d5 7. Ne5 O-O 8.
O-O Nbd7 9. Qf3 c5 10. c3 Rc8 11. Rad1 Nxe5 12. dxe5 Nd7 13. Qh3 g6 14. Nf3
Re8 15. Rfe1 Qc7 16. Qg3 Bf8 17. h4 Bg7 18. h5 a6 19. hxg6 hxg6 20. Bb1 b5
21. Rc1 Qb6 22. Red1 Nf8 23. Qh4 b4 24. Bh6 bxc3 25. bxc3 Qd8 26. Bg5 Qc7
27. Bf6 Nh7 28. Nh2 Qc6 29. f3 Rb8 30. Ng4 Qc7 31. Bxg7 Kxg7 32. Qh6+ Kg8
33. Nf6+ Nxf6 34. exf6 { Black resigns } 1-0

[Event "ICC tourney 2397 (75 10)"]
[Site "Internet Chess Club"]
[Date "2021.02.21"]
[Round "4"]
[White "jairam09"]
[Black "arconsul2"]
[Result "1-0"]
[ICCResult "Black resigns"]
[WhiteElo "1806"]
[BlackElo "1726"]
[Opening "Nimzovich-Larsen attack: classical variation"]
[ECO "A01"]
[NIC "VO.08"]
[Time "11:02:18"]
[PlyCount "73"]
[TimeControl "4500+10"]

1. b3 d5 2. Bb2 Bf5 3. e3 e6 4. Nf3 Nf6 5. Be2 Nbd7 6. Nh4 Bg6 7. Nxg6 hxg6
8. d4 Bd6 9. h3 Ne4 10. Nd2 Ndf6 11. Bd3 c6 12. a3 Qe7 13. c4 O-O 14. Nxe4
dxe4 15. Be2 Rad8 16. Qc2 e5 17. O-O exd4 18. Bxd4 b6 19. Bb2 Be5 20. Rad1
Bxb2 21. Qxb2 Rfe8 22. b4 c5 23. b5 Rxd1 24. Rxd1 Rd8 25. Ra1 Rd6 26. a4
Qd8 27. Ra2 Qe7 28. Qc3 Nd7 29. a5 Ne5 30. axb6 axb6 31. Ra8+ Kh7 32. Qa1
Rd2 33. Ra7 Qe6 34. Qe1 Rd6 35. f4 exf3 36. Qh4+ Kg8 37. Ra8+ { Black
resigns } 1-0

[Event "ICC tourney 2397 (75 10)"]
[Site "Internet Chess Club"]
[Date "2021.02.21"]
[Round "4"]
[White "DanielA1926"]
[Black "JunlinTheWorld"]
[Result "1/2-1/2"]
[ICCResult "Game drawn by mutual agreement"]
[WhiteElo "1782"]
[BlackElo "1860"]
[Opening "QGD: 4.Nf3"]
[ECO "D37"]
[NIC "QP.06"]
[Time "11:02:47"]
[PlyCount "55"]
[TimeControl "4500+10"]

1. d4 Nf6 2. Nf3 d5 3. c4 e6 4. Nc3 Be7 5. Bg5 Nbd7 6. cxd5 exd5 7. e3 c6
8. Rc1 h6 9. Bh4 O-O 10. Bd3 Re8 11. O-O Nf8 12. Ne5 N6d7 13. Bxe7 Qxe7 14.
Nxd7 Bxd7 15. Qc2 Qf6 16. Na4 Ng6 17. Nc5 Bc8 18. Bxg6 fxg6 19. Qb3 Kh7 20.
Nd3 Qg5 21. Kh1 Bg4 22. Ne5 Re7 23. a4 Rf8 24. Qc2 Re6 25. f3 Ref6 26. Qd3
Bf5 27. Qe2 Be6 28. b4 { Game drawn by mutual agreement } 1/2-1/2

[Event "ICC tourney 2397 (75 10)"]
[Site "Internet Chess Club"]
[Date "2021.02.21"]
[Round "4"]
[White "kwen2008"]
[Black "saanvichess"]
[Result "0-1"]
[ICCResult "White resigns"]
[WhiteElo "1728"]
[BlackElo "1875"]
[Opening "QGD: semi-Slav"]
[ECO "D31"]
[NIC "SL.06"]
[Time "11:02:18"]
[PlyCount "102"]
[TimeControl "4500+10"]

1. d4 d5 2. c4 e6 3. Nc3 c6 4. cxd5 exd5 5. Qc2 Bd6 6. Nf3 Ne7 7. Bg5 f6 8.
Bd2 Bf5 9. Qc1 O-O 10. Bf4 Bxf4 11. Qxf4 Na6 12. a3 Nc7 13. Qd2 Be4 14.
Nxe4 dxe4 15. Ng1 f5 16. e3 b5 17. Ne2 Ncd5 18. g3 a5 19. Bg2 a4 20. O-O
Nb6 21. Nf4 Nc4 22. Qc2 Qd6 23. Rfc1 Na5 24. Rd1 Nb3 25. Rab1 Rac8 26. Qe2
Qd7 27. Bf1 Nd5 28. Nxd5 Qxd5 29. Bg2 Rfe8 30. Re1 Rcd8 31. Rbd1 Na5 32. f3
exf3 33. Qxf3 Qxf3 34. Bxf3 Re6 35. d5 Red6 36. dxc6 Nxc6 37. Rxd6 Rxd6 38.
Bxc6 Rxc6 39. e4 Re6 40. e5 Kf7 41. Kf2 Rc6 42. Re2 Ke6 43. Kf3 Rc4 44. h3
g5 45. g4 Rf4+ 46. Kg3 fxg4 47. hxg4 Rd4 48. Rh2 Rd3+ 49. Kg2 Rd2+ 50. Kg3
Rxh2 51. Kxh2 Kxe5 { White resigns } 0-1

[Event "ICC tourney 2397 (75 10)"]
[Site "Internet Chess Club"]
[Date "2021.02.21"]
[Round "4"]
[White "joeandjoe56"]
[Black "soggydollar"]
[Result "1/2-1/2"]
[ICCResult "Game drawn by mutual agreement"]
[WhiteElo "1816"]
[BlackElo "1790"]
[Opening "Sicilian: Taimanov variation"]
[ECO "B46"]
[NIC "SI.39"]
[Time "11:02:20"]
[PlyCount "65"]
[TimeControl "4500+10"]

1. e4 c5 2. Nf3 e6 3. d4 cxd4 4. Nxd4 Nc6 5. Nc3 a6 6. Be2 Qc7 7. O-O Nf6
8. Nxc6 bxc6 9. Be3 d5 10. exd5 exd5 11. Bf3 Bd6 12. g3 O-O 13. Na4 Rb8 14.
c4 Be6 15. cxd5 Bxd5 16. Rc1 Qa5 17. Bxd5 cxd5 18. Rc6 Be5 19. Qc2 Rb7 20.
Rc1 h6 21. b3 Re8 22. Qd3 Qb5 23. Qxb5 axb5 24. Nb6 d4 25. Bd2 Ne4 26. Ba5
d3 27. Rd1 Rd8 28. Nc4 bxc4 29. Bxd8 Nc3 30. Rd2 Nb1 31. Rd1 Nc3 32. Rd2
Nb1 33. Rd1 { Game drawn by mutual agreement } 1/2-1/2

[Event "ICC tourney 2397 (75 10)"]
[Site "Internet Chess Club"]
[Date "2021.02.21"]
[Round "4"]
[White "karuto2006"]
[Black "corviknight"]
[Result "1-0"]
[ICCResult "Black checkmated"]
[WhiteElo "1774"]
[BlackElo "1802"]
[Opening "Ruy Lopez: closed, Breyer, Borisenko variation"]
[ECO "C95"]
[NIC "RL.25"]
[Time "11:02:23"]
[PlyCount "85"]
[TimeControl "4500+10"]

1. e4 e5 2. Nf3 Nc6 3. Bb5 a6 4. Ba4 Nf6 5. O-O Be7 6. Re1 b5 7. Bb3 d6 8.
c3 O-O 9. h3 Nb8 10. d4 Nbd7 11. Nbd2 Bb7 12. Bc2 Re8 13. Nf1 Bf8 14. Ng3
g6 15. a4 c5 16. d5 c4 17. Bg5 h6 18. Be3 Nc5 19. Qd2 Kh7 20. Nh2 Qd7 21.
Ra3 Reb8 22. Rea1 Qd8 23. Ng4 Nxg4 24. hxg4 Qd7 25. f3 Qc7 26. Kf2 Qe7 27.
Rh1 Kg8 28. Bxh6 Qf6 29. Bg5 Qg7 30. Raa1 f6 31. Bh6 Qf7 32. Rh3 Bg7 33.
Rah1 Bh8 34. Nf5 gxf5 35. gxf5 Qd7 36. Bf8 Bg7 37. Bxg7 Qxg7 38. Rg3 Qxg3+
39. Kxg3 Kf7 40. Rh7+ Ke8 41. Qh6 Nd7 42. Rh8+ Ke7 43. Qg7# { Black
checkmated } 1-0

[Event "ICC tourney 2397 (75 10)"]
[Site "Internet Chess Club"]
[Date "2021.02.21"]
[Round "4"]
[White "adwaysane"]
[Black "imranchamp"]
[Result "1-0"]
[ICCResult "Black checkmated"]
[WhiteElo "1716"]
[BlackElo "1852"]
[Opening "Sicilian: Nimzovich-Rossolimo attack (with ...g6, without ...d6)"]
[ECO "B31"]
[NIC "SI.31"]
[Time "11:02:17"]
[PlyCount "119"]
[TimeControl "4500+10"]

1. e4 c5 2. Nf3 Nc6 3. Bb5 g6 4. Bxc6 bxc6 5. Nc3 Bg7 6. O-O Nh6 7. d3 O-O
8. h3 f5 9. Be3 d6 10. Qd2 Nf7 11. exf5 Bxf5 12. Ng5 Nxg5 13. Bxg5 Qd7 14.
Bh6 Rf7 15. Bxg7 Kxg7 16. f4 Qb7 17. g4 Bd7 18. b3 Raf8 19. Ne4 Qb4 20. c3
Qb6 21. Kh2 Qc7 22. Rae1 Kg8 23. Ng5 Rg7 24. d4 h6 25. Ne4 cxd4 26. cxd4
Rgf7 27. Ng3 d5 28. Re5 e6 29. Kg2 Kg7 30. h4 c5 31. h5 c4 32. Qc2 Rf6 33.
g5 Rxf4 34. Qxg6+ Kh8 35. Qxh6+ Kg8 36. Rxf4 Rxf4 37. g6 Rf6 38. Qh7+ Kf8
39. Qh8+ Ke7 40. Qg7+ Kd6 41. Qxf6 Qa5 42. Qf8+ Kc7 43. Qc5+ Qxc5 44. dxc5
c3 45. Re1 d4 46. Ne2 e5 47. h6 c2 48. Nc1 Bf5 49. g7 Bh7 50. Kf2 e4 51.
Rxe4 d3 52. Rd4 Kc6 53. Rxd3 Bxd3 54. Nxd3 c1=Q 55. Nxc1 Kxc5 56. g8=Q Kb4
57. h7 a5 58. Nd3+ Ka3 59. h8=Q a4 60. Qb2# { Black checkmated } 1-0

[Event "ICC tourney 2397 (75 10)"]
[Site "Internet Chess Club"]
[Date "2021.02.21"]
[Round "4"]
[White "poohfur"]
[Black "atevifred"]
[Result "0-1"]
[ICCResult "White resigns"]
[WhiteElo "1706"]
[BlackElo "1803"]
[Opening "Caro-Kann: classical variation"]
[ECO "B18"]
[NIC "CK.10"]
[Time "11:16:12"]
[PlyCount "66"]
[TimeControl "4500+10"]

1. e4 c6 2. d4 d5 3. Nc3 dxe4 4. Nxe4 Bf5 5. Ng3 Bg6 6. Nf3 e6 7. c4 Nf6 8.
Be2 Bd6 9. O-O Nbd7 10. Re1 O-O 11. Nh4 Qc7 12. Nxg6 hxg6 13. Bf3 Rad8 14.
Bg5 Bf4 15. Ne4 Bxg5 16. Nxg5 Qa5 17. h4 Rfe8 18. a3 Nf8 19. b4 Qb6 20. c5
Qc7 21. g3 e5 22. Qa4 Rxd4 23. Qxa7 e4 24. Bg2 N8h7 25. Nxh7 Kxh7 26. Rad1
Red8 27. Rb1 Qd7 28. a4 Rd2 29. Bf1 Qf5 30. Re2 e3 31. Rb2 Qf3 32. fxe3
Qxg3+ 33. Bg2 Rd1+ { White resigns } 0-1

[Event "ICC tourney 2397 (75 10)"]
[Site "Internet Chess Club"]
[Date "2021.02.21"]
[Round "4"]
[White "Percy101"]
[Black "apachekid"]
[Result "0-1"]
[ICCResult "White resigns"]
[WhiteElo "1898"]
[BlackElo "1816"]
[Opening "Ruy Lopez: Cozio defense"]
[ECO "C60"]
[NIC "RL.04"]
[Time "11:02:16"]
[PlyCount "86"]
[TimeControl "4500+10"]

1. e4 e5 2. Nf3 Nc6 3. Bb5 Nge7 4. O-O g6 5. d4 exd4 6. Nxd4 Bg7 7. Be3 O-O
8. Nc3 d5 9. exd5 Nxd5 10. Nxc6 bxc6 11. Bxc6 Nxe3 12. fxe3 Rb8 13. Bd5 Qe7
14. Bb3 Qxe3+ 15. Kh1 Bb7 16. Qd3 Qg5 17. Ne4 Qh4 18. Rae1 Be5 19. h3 Kg7
20. Nc5 Rbd8 21. Qe3 Bd4 22. Rxf7+ Rxf7 23. Ne6+ Kh8 24. Nxd4 Re7 25. Ne6
Qf6 26. Kg1 Rde8 27. Qh6 Rxe6 28. Bxe6 Bd5 29. Rf1 Qd4+ 30. Kh1 Bxe6 31.
Rf8+ Rxf8 32. Qxf8+ Bg8 33. c3 Qd1+ 34. Kh2 Qd6+ 35. Qxd6 cxd6 36. a3 Kg7
37. Kg3 Kf6 38. Kf4 Bd5 39. g4 g5+ 40. Kg3 Ke5 41. h4 h6 42. a4 Ke4 43.
hxg5 hxg5 { White resigns } 0-1

[Event "ICC tourney 2397 (75 10)"]
[Site "Internet Chess Club"]
[Date "2021.02.21"]
[Round "4"]
[White "GrandWizard"]
[Black "rockinroll"]
[Result "1-0"]
[ICCResult "Black resigns"]
[WhiteElo "1701"]
[BlackElo "1784"]
[Opening "Bird's opening"]
[ECO "A03"]
[NIC "VO.07"]
[Time "11:02:22"]
[PlyCount "139"]
[TimeControl "4500+10"]

1. f4 d5 2. d4 Bf5 3. e3 e6 4. Bb5+ c6 5. Bd3 Nf6 6. c4 Ne4 7. g3 Bb4+ 8.
Kf1 Nd7 9. a3 Bd6 10. c5 Bc7 11. b4 f6 12. Bb2 O-O 13. Nc3 e5 14. Nxe4 dxe4
15. Bc4+ Kh8 16. g4 Bg6 17. f5 Bf7 18. d5 cxd5 19. Bxd5 Nxc5 20. Bxf7 Qd3+
21. Qxd3 Nxd3 22. Bd5 Nxb2 23. Bxb7 Rad8 24. Bxe4 Nc4 25. Rc1 Nxe3+ 26. Ke2
Bb6 27. h3 Rc8 28. Nf3 Nc4 29. Bb7 Rc7 30. Ba6 Nd6 31. Rxc7 Bxc7 32. Rc1
Bb6 33. a4 e4 34. Nd2 h5 35. Rc6 Rd8 36. a5 Bd4 37. Nc4 Nxc4 38. Rxc4 hxg4
39. hxg4 Kh7 40. Bb7 e3 41. Rc1 Bb2 42. Rh1+ Kg8 43. b5 Bc3 44. a6 Bd4 45.
Rd1 Bb6 46. Bd5+ Kf8 47. Kf3 Re8 48. Be4 Rd8 49. Re1 Rd2 50. g5 Rf2+ 51.
Kg4 fxg5 52. Kxg5 Rb2 53. Bc6 Rb4 54. Re2 Bd8+ 55. f6 Bxf6+ 56. Kf5 Bd4 57.
Rh2 Rb2 58. Rxb2 Bxb2 59. b6 g6+ 60. Kf4 e2 61. bxa7 e1=Q 62. a8=Q+ Kg7 63.
Qb7+ Kh6 64. Qxb2 g5+ 65. Kf3 Qf1+ 66. Qf2 g4+ 67. Kg3 Qh3+ 68. Kf4 Qh5 69.
Be4 Qg5+ 70. Kg3 { Black resigns } 1-0

[Event "ICC tourney 2397 (75 10)"]
[Site "Internet Chess Club"]
[Date "2021.02.21"]
[Round "4"]
[White "FL2009"]
[Black "danh07"]
[Result "0-1"]
[ICCResult "White resigns"]
[WhiteElo "1820"]
[BlackElo "1876"]
[Opening "Sicilian: Nimzovich-Rossolimo attack (with ...g6, without ...d6)"]
[ECO "B31"]
[NIC "SI.31"]
[Time "11:03:11"]
[PlyCount "137"]
[TimeControl "4500+10"]

1. e4 c5 2. Nf3 Nc6 3. Bb5 g6 4. O-O Bg7 5. c3 e5 6. Re1 Nge7 7. Bf1 O-O 8.
d3 d6 9. Na3 a6 10. Nc2 Be6 11. d4 exd4 12. cxd4 d5 13. e5 Bg4 14. Be3 cxd4
15. Bxd4 Nf5 16. Be2 Bxf3 17. Bxf3 Nfxd4 18. Nxd4 Nxe5 19. Qb3 Qd7 20. Rad1
Rad8 21. Re2 Rfe8 22. Red2 Nc4 23. Re2 Ne5 24. Red2 b5 25. Nc2 d4 26. Be2
Qc8 27. Nxd4 Nc4 28. Bxc4 bxc4 29. Qb6 Bh6 30. Rc2 Qg4 31. f3 Be3+ 32. Kf1
Rxd4 33. Qxd4 Qxd4 34. Rxd4 Bxd4 35. Rxc4 Bxb2 36. Ra4 Re6 37. Kf2 Bc3 38.
Rc4 Be1+ 39. Kf1 Kf8 40. Rc8+ Ke7 41. Rh8 h5 42. Ra8 Bb4 43. Rb8 a5 44. Rc8
Re1+ 45. Kf2 Ra1 46. Rc2 Kd6 47. Ke3 Ke5 48. h3 Re1+ 49. Kf2 Kd4 50. a3 Kd3
51. Rc8 Re2+ 52. Kf1 Be7 53. Rc7 Bxa3 54. Rd7+ Ke3 55. Rc7 Bb4 56. g4 f5
57. gxh5 Kxf3 58. Rc1 gxh5 59. Rd1 Re1+ 60. Rxe1 Bxe1 61. Kxe1 a4 62. Kd2
a3 63. Kc2 Kg3 64. Kb3 Kxh3 65. Kxa3 f4 66. Kb2 f3 67. Kc2 f2 68. Kd2 f1=Q
69. Ke3 { White resigns } 0-1

[Event "ICC tourney 2397 (75 10)"]
[Site "Internet Chess Club"]
[Date "2021.02.21"]
[Round "4"]
[White "icommai"]
[Black "vober6"]
[Result "0-1"]
[ICCResult "White checkmated"]
[WhiteElo "1880"]
[BlackElo "1912"]
[Opening "QGD: semi-Slav, Abrahams variation"]
[ECO "D31"]
[NIC "SL.06"]
[Time "11:02:15"]
[PlyCount "82"]
[TimeControl "4500+10"]

1. d4 d5 2. c4 e6 3. Nc3 c6 4. Nf3 dxc4 5. a4 Bb4 6. e3 b5 7. Bd2 a5 8.
axb5 Bxc3 9. Bxc3 cxb5 10. b3 Bb7 11. bxc4 b4 12. Bb2 Nf6 13. Bd3 O-O 14.
O-O Nbd7 15. Nd2 Qc7 16. Bc2 Nb6 17. c5 Nbd5 18. Ba4 Rfd8 19. Qc2 h6 20. h3
Bc6 21. Nc4 Bxa4 22. Rxa4 Ra6 23. Rfa1 Rda8 24. Qd3 Nd7 25. f4 R8a7 26. Nd6
Ra8 27. Kf2 N7f6 28. g3 Nd7 29. Rc1 Qc6 30. Qb3 N5f6 31. f5 Ne4+ 32. Nxe4
Qxe4 33. fxe6 Rxe6 34. d5 Qf5+ 35. Kg2 Rg6 36. Qc4 Qg5 37. g4 Qxe3 38. Rc2
h5 39. c6 hxg4 40. cxd7 gxh3+ 41. Kh1 Qg1# { White checkmated } 0-1

[Event "ICC tourney 2397 (75 10)"]
[Site "Internet Chess Club"]
[Date "2021.02.21"]
[Round "4"]
[White "siddhu"]
[Black "ybabji"]
[Result "1-0"]
[ICCResult "Black checkmated"]
[WhiteElo "1988"]
[BlackElo "1921"]
[Opening "Pirc defense"]
[ECO "B07"]
[NIC "PU.08"]
[Time "11:02:39"]
[PlyCount "157"]
[TimeControl "4500+10"]

1. e4 d6 2. d4 Nf6 3. Nc3 e5 4. dxe5 dxe5 5. Qxd8+ Kxd8 6. Bc4 Be6 7. Bxe6
fxe6 8. Be3 Bd6 9. O-O-O Nc6 10. h3 h6 11. f3 Ke7 12. a3 a6 13. Nge2 Rad8
14. Rd3 Rd7 15. Rhd1 Rhd8 16. Nb1 Na5 17. Nd2 b5 18. b4 Nb7 19. Nb3 Ke8 20.
g4 Ra8 21. Nc3 Rf7 22. Kb2 Nd7 23. Bg1 g5 24. Nb1 a5 25. c3 a4 26. N3d2 c5
27. c4 cxb4 28. cxb5 Rc8 29. Rc1 Rxc1 30. Kxc1 Bc5 31. Bxc5 Ndxc5 32. Re3
b3 33. b6 Nd7 34. Nc4 Ke7 35. Nc3 Nbc5 36. Nb5 Rf8 37. Na7 Kf6 38. Rc3 Rb8
39. Nc6 Rc8 40. N4a5 Na6 41. b7 Rc7 42. Kb2 Kg7 43. Rc4 Nb6 44. Rc1 Nd7 45.
Rd1 Kf6 46. Rd2 Kg7 47. Rd6 Kf6 48. Rd2 Kg7 49. Kb1 Kf6 50. Rd6 Ndb8 51.
Nxb8 Nxb8 52. Rd8 Na6 53. b8=Q Nxb8 54. Rxb8 Rc2 55. Rb4 Rf2 56. Rxa4 Rxf3
57. Rb4 Rxh3 58. Nxb3 Rg3 59. a4 Rxg4 60. a5 Rg1+ 61. Kc2 g4 62. a6 g3 63.
a7 g2 64. a8=Q h5 65. Qf8+ Kg5 66. Qf2 h4 67. Qxg1 h3 68. Rb5 Kf4 69. Qh2+
Kf3 70. Nd2+ Kf2 71. Rb1 Ke3 72. Qg1+ Kf4 73. Qf2+ Kg4 74. Rg1 Kg5 75. Qg3+
Kh5 76. Qxh3+ Kg6 77. Rxg2+ Kf7 78. Qh7+ Ke8 79. Rg8# { Black checkmated }
1-0

[Event "ICC tourney 2397 (75 10)"]
[Site "Internet Chess Club"]
[Date "2021.02.21"]
[Round "4"]
[White "outpost"]
[Black "xyzchessdude"]
[Result "1/2-1/2"]
[ICCResult "Game drawn by mutual agreement"]
[WhiteElo "1795"]
[BlackElo "1987"]
[Opening "Benkö gambit half accepted"]
[ECO "A57"]
[NIC "BI.43"]
[Time "11:02:25"]
[PlyCount "84"]
[TimeControl "4500+10"]

1. d4 c5 2. d5 Nf6 3. c4 b5 4. cxb5 a6 5. e3 g6 6. Nc3 Bg7 7. a4 O-O 8. Be2
axb5 9. Bxb5 Bb7 10. e4 e6 11. Nge2 exd5 12. exd5 Na6 13. O-O Nb4 14. Bc4
d6 15. Bg5 h6 16. Bf4 Nh5 17. Be3 Qh4 18. b3 Rae8 19. Rc1 Kh7 20. Nb5 Be5
21. g3 Qd8 22. Qd2 Bg7 23. Nec3 f5 24. Ne2 Nf6 25. Nf4 Ne4 26. Qd1 Bc8 27.
Nd3 Na2 28. Rc2 Nac3 29. Qc1 Nxb5 30. Bxb5 Bd7 31. Bxd7 Qxd7 32. Nf4 Re5
33. Rd1 Rb8 34. Ne6 Rxe6 35. dxe6 Qxe6 36. f3 Nc3 37. Rd3 Nd5 38. Bf2 Nb4
39. Re3 Qf7 40. Rce2 Rb7 41. Qc4 Qf8 42. Re6 Rc7 { Game drawn by mutual
agreement } 1/2-1/2

[Event "ICC tourney 2397 (75 10)"]
[Site "Internet Chess Club"]
[Date "2021.02.21"]
[Round "4"]
[White "abi2009"]
[Black "bcooke01"]
[Result "1/2-1/2"]
[ICCResult "Game drawn by mutual agreement"]
[WhiteElo "1649"]
[BlackElo "1844"]
[Opening "French: advance, Milner-Barry gambit"]
[ECO "C02"]
[NIC "FR.03"]
[Time "11:02:22"]
[PlyCount "107"]
[TimeControl "4500+10"]

1. e4 e6 2. d4 d5 3. e5 c5 4. c3 Nc6 5. Nf3 Qb6 6. Bd3 cxd4 7. cxd4 Bd7 8.
Bc2 Nh6 9. Nc3 Rc8 10. O-O Nb4 11. a3 Nxc2 12. Qxc2 Nf5 13. Be3 Bb5 14.
Rfd1 Bc4 15. b4 Qc6 16. Rac1 b5 17. Nd2 Qb6 18. Nxc4 Rxc4 19. Qd3 g6 20.
Ne2 Nxe3 21. Qxe3 Bg7 22. Rxc4 bxc4 23. Nc3 Qa6 24. a4 Bf8 25. Rb1 Qb7 26.
b5 Qb6 27. Qd2 Qa5 28. Qb2 Be7 29. g3 O-O 30. Kg2 Rb8 31. h4 Rb6 32. h5 a6
33. h6 Kf8 34. Kf3 axb5 35. axb5 Ba3 36. Qd2 Bb4 37. Qg5 Be7 38. Qc1 Bg5
39. Qxg5 Qxc3+ 40. Kg2 Ke8 41. Qf6 Qxd4 42. Qh8+ Ke7 43. Qf6+ Ke8 44. Qh8+
Kd7 45. Qxh7 Qe4+ 46. Kh2 Qf3 47. Rf1 Rxb5 48. Qg8 Rb2 49. Kg1 Rd2 50. h7
Rxf2 51. Rxf2 Qxg3+ 52. Kf1 Qd3+ 53. Kg2 Qe4+ 54. Kf1 { Game drawn by
mutual agreement } 1/2-1/2

[Event "ICC tourney 2397 (75 10)"]
[Site "Internet Chess Club"]
[Date "2021.02.21"]
[Round "5"]
[White "rockinroll"]
[Black "PearsonH"]
[Result "0-1"]
[ICCResult "White resigns"]
[WhiteElo "1784"]
[BlackElo "1726"]
[Opening "Queen's pawn"]
[ECO "A40"]
[NIC "QO.17"]
[Time "14:33:05"]
[PlyCount "62"]
[TimeControl "4500+10"]

1. d4 e6 2. Bf4 d5 3. e3 Nf6 4. Nd2 c5 5. c3 Bd6 6. Bg3 Qc7 7. Ngf3 O-O 8.
Bd3 Nbd7 9. Bxd6 Qxd6 10. Bb5 e5 11. Bxd7 Nxd7 12. dxe5 Nxe5 13. Nxe5 Qxe5
14. O-O Qe7 15. Nb3 Rd8 16. Qc2 b6 17. Rad1 Bb7 18. Rfe1 Rd6 19. h3 Rg6 20.
f3 Re6 21. Qf2 Re8 22. c4 dxc4 23. Nd2 b5 24. a4 a6 25. axb5 axb5 26. Kf1
g6 27. e4 Ra6 28. Nb1 Rd6 29. Qxc5 Rxd1 30. Qxe7 Rxe1+ 31. Kxe1 Rxe7 {
White resigns } 0-1

[Event "ICC tourney 2397 (75 10)"]
[Site "Internet Chess Club"]
[Date "2021.02.21"]
[Round "5"]
[White "danh07"]
[Black "siddhu"]
[Result "1/2-1/2"]
[ICCResult "Game drawn by mutual agreement"]
[WhiteElo "1876"]
[BlackElo "1988"]
[Opening "Sicilian: Najdorf, Byrne (English) attack"]
[ECO "B90"]
[NIC "SI.14"]
[Time "14:33:23"]
[PlyCount "48"]
[TimeControl "4500+10"]

1. e4 c5 2. Nf3 d6 3. d4 cxd4 4. Nxd4 Nf6 5. Nc3 a6 6. Be3 e5 7. Nb3 Be7 8.
Be2 Be6 9. Qd3 b5 10. a4 Bc4 11. Qd2 Bxe2 12. Qxe2 b4 13. Nd5 Nxd5 14. exd5
O-O 15. O-O a5 16. Nd2 Nd7 17. Nc4 Qc7 18. b3 f5 19. f4 Bf6 20. Rae1 Nc5
21. fxe5 Bxe5 22. Nxe5 dxe5 23. Bxc5 Qxc5+ 24. Kh1 e4 { Game drawn by
mutual agreement } 1/2-1/2

[Event "ICC tourney 2397 (75 10)"]
[Site "Internet Chess Club"]
[Date "2021.02.21"]
[Round "5"]
[White "JunlinTheWorld"]
[Black "chessisthebest1"]
[Result "1-0"]
[ICCResult "Black resigns"]
[WhiteElo "1860"]
[BlackElo "1787"]
[Opening "Queen's gambit declined"]
[ECO "D35"]
[NIC "EO.64"]
[Time "14:33:13"]
[PlyCount "77"]
[TimeControl "4500+10"]

1. c4 e6 2. d4 d5 3. cxd5 exd5 4. Nc3 Nf6 5. Nf3 c6 6. g3 Be7 7. Bg2 O-O 8.
O-O Nbd7 9. a3 Re8 10. Bf4 Nh5 11. Bd2 Nf8 12. Qc2 g6 13. h3 Nf6 14. b4 a6
15. Qb2 Bd6 16. a4 Bd7 17. Bg5 Ne6 18. Bh4 h6 19. g4 Kg7 20. b5 axb5 21.
axb5 Qe7 22. b6 g5 23. Bg3 Nf4 24. e3 Nd3 25. Bxd6 Qxd6 26. Qd2 Nb4 27. Ne5
c5 28. f4 cxd4 29. exd4 gxf4 30. Rxa8 Rxa8 31. Qxf4 Ra3 32. g5 Rxc3 33.
Qxf6+ Qxf6 34. gxf6+ Kh7 35. Nxd7 Rd3 36. Ne5 Rxd4 37. Nxf7 Nc6 38. Nxh6
Kxh6 39. f7 { Black resigns } 1-0

[Event "ICC tourney 2397 (75 10)"]
[Site "Internet Chess Club"]
[Date "2021.02.21"]
[Round "5"]
[White "Goldenmaknae"]
[Black "poohfur"]
[Result "1-0"]
[ICCResult "Black resigns"]
[WhiteElo "1809"]
[BlackElo "1706"]
[Opening "Benkö gambit"]
[ECO "A57"]
[NIC "BI.46"]
[Time "14:33:07"]
[PlyCount "63"]
[TimeControl "4500+10"]

1. d4 Nf6 2. c4 c5 3. d5 b5 4. Nf3 d6 5. Nbd2 a6 6. e4 Bd7 7. Bd3 g6 8. O-O
Bg7 9. Qe2 O-O 10. cxb5 Bxb5 11. Bxb5 axb5 12. Qxb5 Nbd7 13. Re1 Ng4 14.
Qe2 Qa5 15. Nc4 Qa6 16. Bf4 Rfb8 17. h3 Ngf6 18. Qc2 Rb4 19. Nfd2 Nh5 20.
Bg5 Nb6 21. Rec1 Nxc4 22. Nxc4 Rab8 23. e5 dxe5 24. Bxe7 Bh6 25. Bxc5 Bxc1
26. Bxb4 Rxb4 27. Rxc1 Qxa2 28. d6 Nf6 29. Qc3 Ne4 30. Qxe5 Rxc4 31. Rxc4
Nxd6 32. Rd4 { Black resigns } 1-0

[Event "ICC tourney 2397 (75 10)"]
[Site "Internet Chess Club"]
[Date "2021.02.21"]
[Round "5"]
[White "DanielA1926"]
[Black "FL2009"]
[Result "0-1"]
[ICCResult "White checkmated"]
[WhiteElo "1782"]
[BlackElo "1820"]
[Opening "QGD semi-Slav: 5...Nd7"]
[ECO "D45"]
[NIC "QP.06"]
[Time "14:33:54"]
[PlyCount "132"]
[TimeControl "4500+10"]

1. d4 Nf6 2. Nf3 e6 3. e3 d5 4. c4 Nbd7 5. Nc3 c6 6. cxd5 exd5 7. Bd3 Bd6
8. O-O O-O 9. Re1 Re8 10. Qc2 Nf8 11. Ne2 Ng6 12. Bd2 Bd7 13. Ng3 Rc8 14.
b4 Qe7 15. Nf5 Bxf5 16. Bxf5 Rc7 17. Qb2 b6 18. Bc3 Ne4 19. Bxe4 Qxe4 20.
Rec1 Nh4 21. Nxh4 Qxh4 22. g3 Qe7 23. b5 Ba3 24. Qb3 Bxc1 25. Bb4 c5 26.
dxc5 bxc5 27. Ba5 c4 28. Qd1 Bb2 29. Rb1 c3 30. Bxc7 Qxc7 31. Qc2 Qe5 32.
a4 Qe4 33. Rxb2 cxb2 34. Qxb2 Qxa4 35. b6 axb6 36. Qxb6 Qe4 37. Qb2 h6 38.
h4 Rd8 39. Qb6 Rc8 40. Qd4 Qxd4 41. exd4 Rc4 42. Kg2 Rxd4 43. Kf3 Ra4 44.
Ke3 g6 45. f4 h5 46. Ke2 Ra3 47. Kf2 d4 48. Ke2 d3+ 49. Kd2 Ra2+ 50. Kxd3
Ra3+ 51. Ke4 Rxg3 52. f5 gxf5+ 53. Kxf5 Rg4 54. Kf6 Rxh4 55. Kg5 Rb4 56.
Kxh5 f5 57. Kg5 f4 58. Kg4 Kf7 59. Kf3 Ke6 60. Kf2 Kf5 61. Kf3 Rb3+ 62. Kf2
Ke4 63. Ke2 Rb2+ 64. Kf1 Ke3 65. Kg1 f3 66. Kf1 Rb1# { White checkmated }
0-1

[Event "ICC tourney 2397 (75 10)"]
[Site "Internet Chess Club"]
[Date "2021.02.21"]
[Round "5"]
[White "saanvichess"]
[Black "adwaysane"]
[Result "1/2-1/2"]
[ICCResult "Game drawn by mutual agreement"]
[WhiteElo "1875"]
[BlackElo "1716"]
[Opening "Scotch gambit: Dubois-Réti defense"]
[ECO "C55"]
[NIC "KP.02"]
[Time "14:33:05"]
[PlyCount "80"]
[TimeControl "4500+10"]

1. e4 e5 2. Nf3 Nc6 3. d4 exd4 4. Bc4 Nf6 5. e5 d5 6. Bb5 Ne4 7. Nxd4 Bd7
8. Bxc6 bxc6 9. O-O Bc5 10. f3 Ng5 11. f4 Ne4 12. Be3 O-O 13. Nd2 Nxd2 14.
Qxd2 f6 15. Nb3 Bxe3+ 16. Qxe3 Qe7 17. Rae1 fxe5 18. fxe5 Rxf1+ 19. Rxf1
Be6 20. Nd4 Qd7 21. Qc3 Qe8 22. Nxc6 Bd7 23. Nb4 c6 24. Nd3 Rc8 25. Nc5 Qe7
26. e6 Be8 27. b4 Bg6 28. Qd4 Bxc2 29. Rf7 Qg5 30. Qc3 Qg6 31. Qe5 Be4 32.
Nxe4 dxe4 33. Rf1 Re8 34. e7 Qg4 35. h3 Qd7 36. Qxe4 Rxe7 37. Qc4+ Qe6 38.
Qf4 Qe3+ 39. Qxe3 Rxe3 40. Rc1 Ra3 { Game drawn by mutual agreement }
1/2-1/2